 Seeded DCSS version 0.29-a0-221-gceb61267dd (webtiles) character file.

Game seed: 11041845003192542153 (custom seed)

54 mcwallace the Bolt Thrower (level 4, 35/35 HPs)
             Began as a Formicid Hunter on Feb 26, 2022.
             Quit the game on level 2 of the Dungeon.
             The game lasted 00:02:54 (1195 turns).

mcwallace the Bolt Thrower (Formicid Hunter)        Turns: 1195, Time: 00:02:55

Health: 35/35      AC:  4    Str: 17    XL:     4   Next: 12%
Magic:  4/4        EV: 12    Int: 16    God:
Gold:   1661       SH:  0    Dex: 13    Spells: 3/3 levels left

rFire   . . .      SeeInvis +   a - +1 hand crossbow {crossbow}
rCold   + . .      Faith    .   (no shield)
rNeg    . . .      Spirit   .   b - +0 leather armour
rPois   .          Reflect  .   (helmet unavailable)
rElec   +          Harm     .   (no cloak)
rCorr   .          Rampage  .   m - +0 pair of gloves
Will    .....                   (no boots)
Stlth   ++........              (no amulet)
HPRegen 0.11/turn               k - +4 ring of slaying
MPRegen 0.09/turn               e - ring of the Morning {rElec rC+ Int+6 Stlth+}

@: no status effects
A: permanent stasis, dig shafts and tunnels, antennae 3, four strong arms
a: Dig, Shaft Self


You were on level 2 of the Dungeon.
You visited 1 branch of the dungeon, and saw 2 of its levels.

You collected 1661 gold pieces.


Innate Abilities, Weirdness & Mutations

You cannot be hasted, slowed, berserked, paralysed or teleported.
You can dig through walls and to a lower floor.
You have a pair of large antennae on your head. (SInv)
Your four strong arms can wield two-handed weapons with a shield.


   Skills:
 + Level 3.1 Fighting
 + Level 4.4 Crossbows
 + Level 2.5 Dodging
 - Level 1.2 Stealth


You had 3 spell levels left.
You didn't know any spells.
Your spell library was empty.

Inventory:

Hand Weapons
 a - a +1 hand crossbow (weapon) {crossbow}
Missiles
 j - 48 stones {throwing}
Armour
 b - a +0 leather armour (worn)
 h - a +0 leather armour
   (You found it on level 1 of the Dungeon)
 l - a +0 robe
   (You found it on level 1 of the Dungeon)
 m - a +0 pair of gloves (worn)
   (You found it on level 2 of the Dungeon)
Jewellery
 e - the ring of the Morning (right hand) {rElec rC+ Int+6 Stlth+}
   (You acquired it on level 1 of the Dungeon)

   [ring of intelligence]

   Int:       It affects your intelligence (+6).
   rC:        It protects you from cold.
   rElec:     It insulates you from electricity.
   Stlth:     It makes you more stealthy.
 k - a +4 ring of slaying (left hand)
   (You found it on level 1 of the Dungeon)
Scrolls
 c - a scroll of teleportation {unknown}
 f - a scroll of amnesia {unknown}
 g - 2 scrolls of identify {unknown}
 i - a scroll of immolation {unknown}
Potions
 d - a potion of cancellation {unknown}
 n - a potion of heal wounds {unknown}

Dungeon Overview and Level Annotations

Branches:
Dungeon (2/15)

Altars:

#.# #.# #...# #.###.#### ###
#.#.# #.#......#
##.######.#.####
#.#.#.##.####...##....#....##
#.#.#.##...........#######..#
#.#.#.#######...##....#.....#
#.....# ##.######.#.###.#
###.### #.# #.#.###.###
####.######## #@# #..........
#...........# #'# ###.###.###
#.#..##..#..# ... #.# #..##
#.#)###.##.8#..... #.####โ€ ##
#.......##..#...โ€ .. #..###.##
##.#######8.#.......####........
#.รท.....88.#.......+...........
#..8.......#.......####...##.##
############ ##.###.#


There were no monsters in sight!


Message History

Shoot: a) +1 hand crossbow {crossbow}
Press: ? - help, Q - select action, (/) - cycle Shift-Dir - straight line, f - you
Okay, then.
Things that are here:
a +0 dagger {short}; a goblin corpse An adder comes into view.
An adder is nearby!
An adder is nearby!
An adder is nearby!
Shoot: a) +1 hand crossbow {crossbow}
Press: ? - help, Q - select action, (/) - cycle Shift-Dir - straight line, f - adder
Aim: an adder (52% to hit)
You shoot a bolt. The bolt hits the adder.
Shoot: a) +1 hand crossbow {crossbow}
Press: ? - help, Q - select action, (/) - cycle Shift-Dir - straight line, f/p - adder
Aim: an adder (heavily wounded, 52% to hit)
You shoot a bolt. The bolt closely misses the adder.
Shoot: a) +1 hand crossbow {crossbow}
Press: ? - help, Q - select action, (/) - cycle Shift-Dir - straight line, f/p - adder
Aim: an adder (heavily wounded, 52% to hit)
You shoot a bolt. The bolt completely misses the adder.
The adder closely misses you. The adder bites you. ๐Ÿ˜• HP[-3]
You take 3 damage, and now have 26/29 hp.
Shoot: a) +1 hand crossbow {crossbow}
Press: ? - help, Q - select action, (/) - cycle Shift-Dir - straight line, f/p - adder
Aim: an adder (heavily wounded, 52% to hit)
You shoot a bolt. The bolt closely misses the adder.
The adder closely misses you. The adder bites you.
You are poisoned.
The adder poisons you! ๐Ÿ˜• HP[-4]
You take 4 damage, and now have 22/29 hp.
Shoot: a) +1 hand crossbow {crossbow}
Press: ? - help, Q - select action, (/) - cycle Shift-Dir - straight line, f/p - adder
Aim: an adder (heavily wounded, 52% to hit)
You shoot a bolt.
The bolt hits the adder but does no damage.
You feel sick. The adder bites you. x2
* * * LOW HITPOINT WARNING * * *
You are more poisoned.
The adder poisons you! ๐Ÿ˜จ HP[-8]
You take 8 damage, and now have 14/29 hp.
MASSIVE DAMAGE!! (PAUSE) Shoot: a) +1 hand crossbow {crossbow}
Press: ? - help, Q - select action, (/) - cycle Shift-Dir - straight line, f/p - adder
Aim: an adder (heavily wounded, 52% to hit)
You shoot a bolt. The bolt closely misses the adder.
* * * LOW HITPOINT WARNING * * *
You feel very sick.
The adder barely misses you. ๐Ÿ˜จ HP[-3]
You take 3 damage, and now have 11/29 hp.
Shoot: a) +1 hand crossbow {crossbow}
Press: ? - help, Q - select action, (/) - cycle Shift-Dir - straight line, f/p - adder
Aim: an adder (heavily wounded, 52% to hit)
You shoot a bolt. The bolt hits the adder.
* * * LOW HITPOINT WARNING * * *
You feel sick.
The adder barely misses you. x2 ๐Ÿ˜จ HP[-2]
You take 2 damage, and now have 9/29 hp.
Shoot: a) +1 hand crossbow {crossbow}
Press: ? - help, Q - select action, (/) - cycle Shift-Dir - straight line, f/p - adder
Aim: an adder (almost dead, 52% to hit)
You shoot a bolt. The bolt hits the adder.
You kill the adder!
* * * LOW HITPOINT WARNING * * *
You feel sick.
You have reached level 4!
You feel stronger. ๐Ÿ˜ฑ HP[-1] MP[+1]
You now have 35 max hp (+6).
Your mp is fully restored (4).
You feel sick.
You feel sick.
You feel sick.
You feel sick.
You feel sick.
You are no longer poisoned.
You see here an adder skeleton.
You sense a monster nearby. ๐Ÿ˜Ž HP[+27]
Your hp is fully restored (35).
You open the door.
A bat comes into view.
A bat is nearby!
Shoot: a) +1 hand crossbow {crossbow}
Press: ? - help, Q - select action, (/) - cycle Shift-Dir - straight line, f - bat
Aim: a bat (asleep, 98% to hit)
You shoot a bolt. The bolt hits the bat.
You kill the bat!
Shoot: a) +1 hand crossbow {crossbow}
Press: ? - help, Q - select action, (/) - cycle Shift-Dir - straight line, f - you That would be overly suicidal.
Okay, then.
Shoot: a) +1 hand crossbow {crossbow}
Press: ? - help, Q - select action, (/) - cycle Shift-Dir - straight line, f - you
Okay, then.
Unknown command.
Are you sure you want to abandon this character and quit the game? (Confirm with "yes".)

Skill      XL: |  1  2  3 |
---------------+----------+-----
Dodging        | 2 |  2.5
Fighting       | 3 |  3.1
Crossbows      | |  4.4
Stealth        | |  1.2

Action                   |  1- 3 |  4- 6 || total
-------------------------+-------+-------++-------
 Fire: Hand crossbow     |    58 |     1 ||    59
 Abil: Dig               |     1 |       ||     1
  Use: Scroll            |     3 |       ||     3
Armor: Leather armour    |     1 |       ||     1
Dodge: Dodged            |     6 |       ||     6

Levels and vault maps discovered:
D:1:      heliophobic_arrival_henge, layout_loops_cross,
          shapermc_ecumenical_altar_pompeii, item_on_display_a
D:2:      layout_loops_corners, basic_altar, hangedman_abyss_or_decor_stabs,
          chequers_serial_rivers_micro_c, minivault_5, st_stairs_14,
          serial_park_tiny_pond, chequers_decorated_corner

Notes
Turn   | Place    | Note
-------+----------+-------------------------------------------
     0 | D:1      | mcwallace the Formicid Hunter began the quest for the Orb.
     0 | D:1      | Reached XP level 1. HP: 16/16 MP: 1/1
     0 | D:1      | magus.rc [v1.9.6]
    31 | D:1      | Reached skill level 2 in Dodging
    37 | D:1      | Reached XP level 2. HP: 23/23 MP: 2/2
   229 | D:1      | Found a faded altar of an unknown god.
   505 | D:1      | Reached XP level 3. HP: 28/28 MP: 3/3
   572 | D:1      | Identified 3 scrolls of acquirement
   572 | D:1      | Acquired 636 gold pieces
   574 | D:1      | Acquired 1001 gold pieces
   575 | D:1      | Acquired the ring of the Morning {rElec rC+ Int+6 Stlth+}
   796 | D:2      | Reached skill level 3 in Fighting
   863 | D:2      | HP: 7/29 [poisoned by an adder]
   864 | D:2      | Reached XP level 4. HP: 8/35 MP: 4/4
   868 | D:2      | HP: 4/35 [poisoned by an adder]
  1195 | D:2      | Quit the game

Vanquished Creatures
  2 adders (D:2)
  2 worms (D:2)
  2 ball pythons (D:1)
  3 bats
  4 endoplasms
  2 giant cockroaches (D:1)
  2 hobgoblins (D:1)
  2 quokkas
  2 frilled lizards
  6 goblins
  2 kobolds (D:1)
  2 rats (D:1)
31 creatures vanquished.

Table legend:
 A = Non-vault XP
 B = Vault XP
 C = Vault XP percentage of total XP
 D = Non-vault monster count
 E = Vault monster count
 F = Vault count percentage of total count
                 A         B        C        D         E       F
            +---------+---------+-------+---------+---------+-------
      Total |      76 |       2 |   2.6 |      30 |       1 |   3.2
            +---------+---------+-------+---------+---------+-------
        D:1 |      34 |       0 |   0.0 |      21 |       0 |   0.0
        D:2 |      42 |       2 |   4.5 |       9 |       1 |  10.0
            +---------+---------+-------+---------+---------+-------

Illustrated notes

Table legend:
 A = Kills in this place as a percentage of kills in entire the game.
 B = Kills by you in this place as a percentage of kills by you in the entire game.
 C = Kills by friends in this place as a percentage of kills by friends in the entire game.
 D = Other kills in this place as a percentage of other kills in the entire game.
 E = Experience gained in this place as a percentage of experience gained in the entire game.
 F = Experience gained in this place divided by the number of levels of this place that you have seen.
                   A       B       C       D       E      F
               +-------+-------+-------+-------+-------+----------------------
         Total | 100.0 | 100.0 |   N/A |   N/A | 100.0 |  39.0
       Dungeon | 100.0 | 100.0 |   N/A |   N/A | 100.0 |  39.0
               +-------+-------+-------+-------+-------+----------------------

Table legend: (Time is in decaauts)
 A = Elapsed time spent in this place.
 B = Non-inter-level travel time spent in this place.
 C = Inter-level travel time spent in this place.
 D = Time resting spent in this place.
 E = Time spent auto-exploring this place.
 F = Levels seen in this place.
 G = Mean time per level.
                   A        B        C        D        E       F      G
               +--------+--------+--------+--------+--------+-----+--------+
         Total |   1212 |   1197 |     15 |      0 |   1041 |   2 |  606.0 |
       Dungeon |   1212 |   1197 |     15 |      0 |   1041 |   2 |  606.0 |
               +--------+--------+--------+--------+--------+-----+--------+

Top non-repeatable levels by time:
     D:2: 606 daAuts
     D:1: 605 daAuts
